[gd_scene load_steps=8 format=2]

[ext_resource path="res://Intro.gd" type="Script" id=1]
[ext_resource path="res://Assets/NovaMono.ttf" type="DynamicFontData" id=2]
[ext_resource path="res://Assets/UI/returnbutton.png" type="Texture" id=3]
[ext_resource path="res://Assets/new_theme.tres" type="Theme" id=4]

[sub_resource type="DynamicFont" id=1]
size = 14
outline_size = 1
outline_color = Color( 0, 0, 0.196078, 1 )
font_data = ExtResource( 2 )

[sub_resource type="DynamicFont" id=2]
size = 14
font_data = ExtResource( 2 )

[sub_resource type="DynamicFont" id=3]
size = 12
font_data = ExtResource( 2 )

[node name="Intro" type="Node2D"]
script = ExtResource( 1 )

[node name="Control" type="Control" parent="."]
margin_right = 40.0
margin_bottom = 40.0
__meta__ = {
"_edit_use_anchors_": false
}

[node name="text" type="Label" parent="Control"]
margin_left = 64.0
margin_right = 464.0
margin_bottom = 320.0
custom_fonts/font = SubResource( 1 )
text = "Hello world !"
align = 1
valign = 1
autowrap = true
__meta__ = {
"_edit_use_anchors_": false
}

[node name="LineEdit" type="LineEdit" parent="Control"]
visible = false
margin_left = 120.0
margin_top = 264.0
margin_right = 420.0
margin_bottom = 304.0
custom_fonts/font = SubResource( 2 )
max_length = 20
placeholder_text = "saisissez votre nom"
__meta__ = {
"_edit_use_anchors_": false
}

[node name="next" type="TextureRect" parent="Control"]
visible = false
margin_left = 504.0
margin_top = 265.0
margin_right = 536.0
margin_bottom = 297.0
rect_rotation = 90.0
texture = ExtResource( 3 )
expand = true
__meta__ = {
"_edit_use_anchors_": false
}

[node name="ConfirmationDialog" type="ConfirmationDialog" parent="Control"]
margin_right = 105.0
margin_bottom = 48.0
rect_min_size = Vector2( 0, 0 )
rect_clip_content = true
theme = ExtResource( 4 )
window_title = "Veuillez confirmer…"
dialog_text = "Est-tu sûr ?"
__meta__ = {
"_edit_use_anchors_": false
}

[node name="Languages" type="VBoxContainer" parent="."]
margin_right = 528.0
margin_bottom = 320.0
alignment = 1
__meta__ = {
"_edit_use_anchors_": false
}

[node name="lang1" type="CheckBox" parent="Languages"]
show_behind_parent = true
margin_left = 225.0
margin_top = 118.0
margin_right = 302.0
margin_bottom = 143.0
rect_min_size = Vector2( 50, 11 )
mouse_default_cursor_shape = 2
size_flags_horizontal = 4
custom_fonts/font = SubResource( 3 )
text = "English"
align = 1
__meta__ = {
"_edit_use_anchors_": false
}

[node name="lang2" type="CheckBox" parent="Languages"]
show_behind_parent = true
margin_left = 225.0
margin_top = 147.0
margin_right = 302.0
margin_bottom = 172.0
rect_min_size = Vector2( 50, 11 )
mouse_default_cursor_shape = 2
size_flags_horizontal = 4
custom_fonts/font = SubResource( 3 )
text = "Español"
align = 1
__meta__ = {
"_edit_use_anchors_": false
}

[node name="lang3" type="CheckBox" parent="Languages"]
show_behind_parent = true
margin_left = 222.0
margin_top = 176.0
margin_right = 306.0
margin_bottom = 201.0
rect_min_size = Vector2( 50, 11 )
mouse_default_cursor_shape = 2
size_flags_horizontal = 4
custom_fonts/font = SubResource( 3 )
text = "Français"
align = 1
__meta__ = {
"_edit_use_anchors_": false
}

[connection signal="confirmed" from="Control/ConfirmationDialog" to="." method="_on_ConfirmationDialog_confirmed"]
[connection signal="pressed" from="Languages/lang1" to="." method="_on_lang_pressed" binds= [ 1 ]]
[connection signal="pressed" from="Languages/lang2" to="." method="_on_lang_pressed" binds= [ 2 ]]
[connection signal="pressed" from="Languages/lang3" to="." method="_on_lang_pressed" binds= [ 3 ]]
